 Dungeon Crawl Stone Soup version 0.29.0-4-gdea44cf6ec (webtiles) character file.

Game seed: 13562998268785632042

40 SnakkuSnakku7 the Caller (level 3, -1/25 HPs)
             Began as a Palentonga Summoner on Aug 27, 2022.
             Succumbed to an adder's poison
             ... on level 2 of the Dungeon.
             The game lasted 00:02:18 (1765 turns).

SnakkuSnakku7 the Caller (Palentonga Summoner)      Turns: 1765, Time: 00:02:18

Health: -1/25      AC:  7    Str: 15    XL:     3   Next: 30%
Magic:  5/6        EV:  4    Int: 15    God:
Gold:   34         SH:  0    Dex: 10    Spells: 5/6 levels left

rFire   . . .      SeeInvis +   a - +0 war axe
rCold   . . .      Faith    .   (no shield)
rNeg    . . .      Spirit   .   m - +0 chain mail
rPois   .          Reflect  .   (no helmet)
rElec   .          Harm     .   j - scarf {+Inv}
rCorr   .          Rampage  .   (no gloves)
Will    .....                   (no barding)
Stlth   ..........              (no amulet)
HPRegen 0.08/turn               (no ring)
MPRegen 0.10/turn               (no ring)

@: lethally poisoned (-1 -> -6)
A: large, rugged brown scales 3, see invisible, deformed body, roll 1, armoured
tail
a: Rolling Charge, Evoke Invisibility


You were on level 2 of the Dungeon.
You visited 1 branch of the dungeon, and saw 2 of its levels.

You collected 34 gold pieces.

Inventory:

Hand Weapons
 a - a +0 war axe (weapon)
Armour
 h - a +0 robe
 i - a +0 ring mail
 j - a scarf of invisibility (worn)
 m - a +0 chain mail (worn)
Magical Staves
 c - a staff of earth
Scrolls
 e - 3 scrolls of identify {unknown}
 f - a scroll of acquirement {unknown}
 l - a scroll of immolation {unknown}
 n - a scroll of teleportation {unknown}
Potions
 b - a potion of magic
 d - 2 potions of curing {unknown}
 g - a potion of haste {unknown}
 k - 3 potions of attraction {unknown}


   Skills:
 + Level 2.5 Axes
 - Level 1.5 Dodging
 - Level 1.2 Stealth
 - Level 2.0 Spellcasting
 - Level 3.5 Summonings


You had 5 spell levels left.
You knew the following spells:

 Your Spells              Type           Power      Damage    Failure   Level
a - Summon Small Mammal   Summ           48%        N/A       80%         1

Your spell library contained the following spells:

 Spells                   Type           Power      Damage    Failure   Level
 Call Imp                 Summ           12%        N/A       90%         2
 Call Canine Familiar     Summ           12%        N/A       99%         3
 Ensorcelled Hibernation  Hex/Ice        2%         N/A       100%        2
 Passwall                 Tmut/Erth      0%         N/A       100%        2
 Sublimation of Blood     Necr           1%         N/A       100%        2
 Wereblood                Tmut           1%         N/A       100%        2
 Summon Guardian Golem    Hex/Summ       6%         N/A       100%        3
 Swiftness                Air            1%         N/A       100%        3
 Summon Lightning Spire   Summ/Air       6%         N/A       100%        4
 Summon Hydra             Summ           6%         N/A       100%        7


Dungeon Overview and Level Annotations

Branches:
Dungeon (2/15)

Altars:


Innate Abilities, Weirdness & Mutations

You are completely covered in rugged brown scales. (AC +3, +7% HP)
You have supernaturally acute eyesight. (SInv)
Armour fits poorly on your strangely shaped body.
You can roll at nearby foes to attack.
You have a long armoured tail.


Message History

The adder is almost dead.
You feel sick. The adder bites you but does no damage. The adder bites you.
* * * LOW HITPOINT WARNING * * *
You hit the adder.
The adder is almost dead.
You feel sick.
The adder bites you but does no damage. x2
Casting: Summon Small Mammal (safe; 80% risk of failure)
Confirm with . or Enter, or press ? or * to list all spells.
You miscast Summon Small Mammal.
You are very lightly contaminated with residual magic.
Nothing appears to happen.
You feel sick. The adder bites you but does no damage.
Unknown command.
You completely miss the adder.
Your tail-slap misses the adder.
The adder is almost dead.
You feel sick.
You are no longer poisoned.
The adder bites you but does no damage. x2
You hit the adder but do no damage.
The adder is almost dead.
The adder bites you but does no damage. x2
You miss the adder.
Your tail-slap misses the adder.
The adder is almost dead.
The adder bites you but does no damage.
You miss the adder.
The adder is almost dead.
The adder bites you but does no damage. x2
You closely miss the adder.
The adder is almost dead.
The adder bites you.
* * * LOW HITPOINT WARNING * * *
The adder bites you.
* * * LOW HITPOINT WARNING * * *
You are lethally poisoned!
The adder poisons you!
Your magical contamination has completely faded away.
Unknown command.
You hit the adder.
You kill the adder!
You die...

......# .
#.....###†#
......# .
##.##..##.#
#.....# .
#........#
##....#
..#####.##..#
......
#....##..#..#
....#.
.........####
....#
#..........$#..
..#
...###..†......
.. #..@.......
#..........
#..........
#..........
#..........
..<.....?..
..##.....#..
##. ..#####.#


There were no monsters in sight!

Vanquished Creatures
  An adder (D:2)
  2 worms (D:2)
  2 dart slugs (D:1)
  5 endoplasms
  3 giant cockroaches (D:1)
  4 goblins (D:1)
  A hobgoblin (D:1)
  2 bats (D:1)
  3 frilled lizards (D:1)
  4 kobolds
  2 rats (D:1)
29 creatures vanquished.

Vanquished Creatures (collateral kills)
  A hobgoblin (D:1)
  A kobold (D:1)
2 creatures vanquished.

Vanquished Creatures (others)
  6 plants (D:1)
6 creatures vanquished.

Grand Total: 37 creatures vanquished

Notes
Turn   | Place    | Note
-------+----------+-------------------------------------------
     0 | D:1      | SnakkuSnakku7 the Palentonga Summoner began the quest for
                  | the Orb.
     0 | D:1      | Reached XP level 1. HP: 13/13 MP: 3/3
   178 | D:1      | Reached XP level 2. HP: 11/20 MP: 5/5
   266 | D:1      | Reached skill level 1 in Axes
  1203 | D:1      | Reached XP level 3. HP: 5/25 MP: 6/6
  1764 | D:2      | HP: 1/25 [adder (3)]
  1765 | D:2      | Succumbed to an adder's poison

Illustrated notes

Levels and vault maps discovered:
D:1:      dpeg_arrival_solitude, layout_basic, serial_bayou_lagoon_a,
          hangedman_decor_diamond_cutter
D:2:      minmay_diamond_boxcup, layout_rooms, grunt_ministairs_4

Skill      XL: |  1  2 |
---------------+-------+-----
Axes           | 2 |  2.5
Dodging        | |  1.5
Stealth        | |  1.2
Spellcasting   | |  2.0
Summonings     | |  3.5

Action                   || total
-------------------------++-------
Melee: Staff             ||    11
       War axe           ||    96
       Tailslap          ||    11
       Punch             ||     1
 Cast: Summon Small Mamm ||     2
 Stab: Sleeping          ||     7
Armor: Robe              ||    38
       Chain mail        ||    20
Dodge: Dodged            ||    40
